 Dungeon Crawl Stone Soup version 0.28.0-47-ge53b351184 (webtiles) character file.

Game seed: 7969479957905449652

39 Zeld the Skirmisher (level 3, -3/33 HPs)
             Began as a Draconian Monk on Apr 28, 2022.
             Slain by a worm (6 damage)
             ... on level 3 of the Dungeon.
             The game lasted 00:01:18 (2029 turns).

Zeld the Skirmisher (Draconian Monk)                Turns: 2029, Time: 00:01:19

Health: -3/33      AC:  5    Str: 15    XL:     3   Next: 26%
Magic:  3/3        EV: 12    Int: 10    God:
Gold:   156        SH:  0    Dex: 13    Spells: 2/2 levels left

rFire   . . .      SeeInvis .   a - +0 hand axe
rCold   . . .      Faith    .   (no shield)
rNeg    . . .      Spirit   .   (armour unavailable)
rPois   .          Reflect  .   (helmet restricted)
rElec   .          Harm     .   (no cloak)
rCorr   .          Rampage  .   (no gloves)
Will    .....                   (no boots)
Stlth   ++........              (no amulet)
HPRegen 0.11/turn               (no ring)
MPRegen 0.08/turn               (no ring)

@: lethally poisoned (-3 -> -7)
A: AC +5, unfitting armour, cold-blooded
a: no special abilities


You were on level 3 of the Dungeon.
You visited 1 branch of the dungeon, and saw 3 of its levels.

You collected 156 gold pieces.

Inventory:

Hand Weapons
 a - a +0 hand axe (weapon)
Scrolls
 c - a scroll of brand weapon {unknown}
 d - a scroll of enchant armour {unknown}
 f - a scroll of fog {unknown}
 g - a scroll of vulnerability {unknown}
 i - a scroll of amnesia {unknown}
Potions
 b - a potion of curing {unknown}
 e - a potion of heal wounds {unknown}
 h - a potion of haste {unknown}


   Skills:
 * Level 3.7 Fighting
 * Level 3.4 Axes
 + Level 2.9 Dodging
 + Level 2.0 Stealth
 + Level 0.6 Invocations
 + Level 0.6 Evocations


You had 2 spell levels left.
You didn't know any spells.
Your spell library was empty.

Dungeon Overview and Level Annotations

Branches:
Dungeon (3/15)

Altars:

Annotations:
D:3 Pargi


Innate Abilities, Weirdness & Mutations

Your plain brown scales are hard. (AC +5)
You cannot fit into any form of body armour.
You are cold-blooded and may be slowed by cold attacks.


Message History

A worm is nearby!
An adder comes into view.
There are monsters nearby!
There are monsters nearby!
The adder hisses angrily.
You hit the worm. Your punch misses the worm.
The worm is lightly wounded.
You hit the worm.
The worm is heavily wounded.
The worm bites you. The worm closely misses you.
You hit the worm. You punch the worm.
The worm is severely wounded.
The adder bites you.
You hit the worm.
The worm is almost dead.
You closely miss the adder. The adder misses you. The worm bites you!
The adder bites you but does no damage.
You hit the worm but do no damage.
The worm is almost dead.
You hit the adder. The adder barely misses you. The worm barely misses you.
You hit the worm but do no damage.
The worm is severely wounded.
You barely miss the adder. The adder bites you.
You are poisoned.
The adder poisons you! The worm bites you!
* * * LOW HITPOINT WARNING * * *
The adder bites you but does no damage.
You hit the adder. You tail-slap the adder.
The adder is heavily wounded.
You hit the worm.
* * * LOW HITPOINT WARNING * * *
You feel sick. The adder completely misses you.
Unknown command.
You hit the adder.
You kill the adder!
You hit the worm but do no damage.
* * * LOW HITPOINT WARNING * * *
You feel sick. The worm bites you.
You die...

# ###############
#.##............<####
.
...........)>........
.. ...#####.#...######
#.# #.#####.#......#
..#...#...........##.#
......w@#####.#.#..# #
......†.# #.#....#
........# #.#.##.#
........# #.### .#
..###..## #.# . ##.
#.# #. ... #.


You could see a worm.

Vanquished Creatures
  2 adders
  2 dart slugs (D:1)
  3 ball pythons (D:2)
  4 endoplasms
  3 goblins
  2 jackals (D:1)
  A kobold (D:1)
  A quokka (D:2)
  A bat (D:2)
  A frilled lizard (D:2)
  5 rats
  A spectral hobgoblin (D:1)
26 creatures vanquished.

Vanquished Creatures (others)
  3 plants (D:2)
3 creatures vanquished.

Grand Total: 29 creatures vanquished

Notes
Turn   | Place    | Note
-------+----------+-------------------------------------------
     0 | D:1      | Zeld the Draconian Monk began the quest for the Orb.
     0 | D:1      | Reached XP level 1. HP: 19/19 MP: 1/1
   278 | D:1      | Found a faded altar of an unknown god.
   288 | D:1      | Reached XP level 2. HP: 18/23 MP: 2/2
  1930 | D:3      | Noticed Pargi
  1953 | D:2      | Reached XP level 3. HP: 29/33 MP: 3/3
  2029 | D:3      | Slain by a worm

Illustrated notes

Levels and vault maps discovered:
D:1:      minmay_arrival_doors, layout_loops_cross,
          dreamdust_ecumenical_altar_drowned_temple
D:2:      layout_loops_ring, serial_forest, infiniplex_forest_split,
          infiniplex_forest_lined_4_way, infiniplex_forest_side_room,
          infiniplex_forest_clump_large, infiniplex_forest_corner_1,
          infiniplex_forest_straight_2, infiniplex_forest_clump_double,
          infiniplex_forest_fountain, infiniplex_forest_corner_1
D:3:      layout_basic, minmay_vboxes, uniq_pargi, uniq_ijyb, uniq_natasha

Skill      XL: |  1  2 |
---------------+-------+-----
Stealth        | 2 |  2.0
Fighting       | |  3.7
Axes           | |  3.4
Dodging        | |  2.9
Invocations    | |  0.6
Evocations     | |  0.6

Action                   || total
-------------------------++-------
Melee: Hand axe          ||    69
       Tailslap          ||     7
       Punch             ||     4
 Stab: Sleeping          ||    10
Armor: Skin              ||    16
Dodge: Dodged            ||    42
